 Dungeon Crawl Stone Soup version 0.20.1-1-g8b1a95d (webtiles) character file.

87 Lafeu the Vandal (level 4, -1/38 HPs)
             Began as a Minotaur Hunter on Oct 26, 2017.
             Slain by an orc
             ... wielding a +0 dagger
              (2 damage)
             ... on level 2 of the Dungeon.
             The game lasted 00:08:30 (1432 turns).

Lafeu the Vandal (Minotaur Hunter)                  Turns: 1432, Time: 00:08:31

Health: -1/38      AC:  3    Str: 17    XL:     4   Next: 28%
Magic:  3/3        EV: 12    Int:  8    God:
Gold:   115        SH:  0    Dex: 11    Spells: 3/3 levels left

rFire    . . .     SeeInvis .   a - +1 hunting sling
rCold    . . .     Gourm    .   (no shield)
rNeg     . . .     Faith    .   c - +0 leather armour
rPois    .         Spirit   .   (helmet restricted)
rElec    .         Reflect  .   (no cloak)
rCorr    .         Harm     .   (no gloves)
MR       .....                  (no boots)
Stlth    +.........             (no amulet)
Regen    0.2/turn               (no ring)
MPRegen  0.1/turn               (no ring)

@: confused
A: retaliatory headbutt, horns 2
a: no special abilities


You were on level 2 of the Dungeon.
You were not hungry.

You visited 1 branch of the dungeon, and saw 2 of its levels.

You collected 115 gold pieces.

Inventory:

Hand Weapons
 a - a +1 hunting sling (weapon)
 b - a +0 short sword
Missiles
 d - 2 sling bullets (quivered)
 g - 71 stones
Armour
 c - a +0 leather armour (worn)
Jewellery
 q - an uncursed ring of poison resistance {unknown}
Scrolls
 l - a scroll of identify
 o - 2 scrolls of amnesia {unknown}
 p - a scroll of remove curse
 s - 2 scrolls of magic mapping
Potions
 e - a potion of berserk rage
 h - a potion of curing {unknown}
 i - a potion of magic {unknown}
 k - a potion of haste {unknown}
 m - a potion of mutation {unknown}
 n - 2 potions of agility {unknown}
Comestibles
 f - a bread ration
 j - a meat ration
 r - a fruit


   Skills:
 + Level 3.3 Fighting
 + Level 5.7 Slings
 + Level 1.0 Armour
 + Level 2.3 Dodging
 + Level 0.7 Stealth


You had 3 spell levels left.
You didn't know any spells.

Dungeon Overview and Level Annotations

Branches:
Dungeon (2/15)

Altars:
Makhleb
Trog
Zin


Innate Abilities, Weirdness & Mutations

You reflexively headbutt those who attack you in melee.
You have a pair of horns on your head.


Message History

The orc hits you but does no damage.
Firing (i - inventory. (,) - cycle):
d - 5 sling bullets (quivered)
Press: ? - help, Shift-Dir - straight line, f/p - jackal
Aim: a jackal (heavily wounded)
You shoot a sling bullet. The sling bullet hits the jackal.
You kill the jackal!
The orc closely misses you. Something hits you but does no damage.
The orc closely misses you.
Firing (i - inventory. (,) - cycle):
d - 4 sling bullets (quivered)
Press: ? - help, Shift-Dir - straight line, f - orc
Aim: an orc, wielding a whip You shoot a sling bullet.
The orc barely misses you.
The orc hits you from afar with a trident!
* * * LOW HITPOINT WARNING * * *
Something hits you but does no damage.
Firing (i - inventory. (,) - cycle):
d - 3 sling bullets (quivered)
Press: ? - help, Shift-Dir - straight line, f/p - orc
Aim: an orc, wielding a whip You shoot a sling bullet.
The orc hits you with a dagger.
You die...

..# #######...####.
...##.....#...##... #
#.##.....##.###.#. (.
####<................
8..#....##.....###.####.
.(...#..##.....# #..#...
......oo.......# ##.#.#.
.....(o.##.###### #.#...
#(o(@o[(#....# #.###.
#.#.((###....# #.# #. #
#.(.# #....###.###.
#(..# #............
#...# #.....#..)...
.((.# #.....#..##..
.#...# #.....#......
#.#.(.# #.....#...##.
#.....#....#.


You could see an orc priest and 4 orcs.

Vanquished Creatures
  A hound (D:2)
  An adder (D:2)
  An ooze (D:1)
  3 dart slugs (D:1)
  3 bats (D:1)
  2 giant cockroaches (D:2)
  4 goblins
  A hobgoblin (D:1)
  6 jackals (D:2)
  5 kobolds (D:1)
  A quokka (D:2)
  A ball python (D:1)
  3 frilled lizards
  5 rats
37 creatures vanquished.

Notes
Turn   | Place    | Note
-------+----------+-------------------------------------------
     0 | D:1      | Lafeu the Minotaur Hunter began the quest for the Orb.
     0 | D:1      | Reached XP level 1. HP: 18/18 MP: 0/0
   200 | D:1      | Reached XP level 2. HP: 25/25 MP: 1/1
   464 | D:1      | Reached skill level 5 in Slings
   760 | D:1      | Reached XP level 3. HP: 31/31 MP: 2/2
  1101 | D:2      | Found a glowing silver altar of Zin.
  1226 | D:2      | Found a bloodstained altar of Trog.
  1305 | D:2      | Found a burning altar of Makhleb.
  1311 | D:2      | Reached XP level 4. HP: 38/38 MP: 3/3
  1413 | D:2      | Reached skill level 1 in Armour
  1431 | D:2      | HP: 1/38 [orc/trident (7)]
  1432 | D:2      | Slain by an orc

Skill      XL: |  1  2  3  4 |
---------------+-------------+-----
Fighting       | 3 |  3.3
Slings         | 5 |  5.7
Armour         | 1 |  1.0
Dodging        | |  2.3
Stealth        | |  0.7

Action                   |  1- 3 |  4- 6 || total
-------------------------+-------+-------++-------
 Fire: Hunting sling     |    75 |    30 ||   105
  Use: Scroll            |     6 |       ||     6
  Eat: Meat ration       |     1 |       ||     1
Armor: Leather armour    |     8 |    11 ||    19
Dodge: Dodged            |    17 |    24 ||    41
